 Dungeon Sprint DCSS version 0.30-a0-34-gbe8da3892a (webtiles) character file.

Game seed: 8811473294147064597

6783 mhtbhm the Sorcerer (level 10, -13/53 HPs)
             Began as a Deep Elf Fire Elementalist on Aug 27, 2022.
             Was the Champion of Vehumet.
             Killed from afar by a rime drake (17 damage)
             ... with a flash freeze
             ... in the Dungeon (Sprint III: "The Ten Rune Challenge").
             The game lasted 00:07:26 (2308 turns).

mhtbhm the Sorcerer (Deep Elf Fire Elementalist)    Turns: 2308, Time: 00:07:27

Health: -13/53     AC:  9    Str:  5      XL:     10   Next: 76%
Magic:  33/37      EV: 16    Int: 24 (25) God:    Vehumet [******]
Gold:   2422       SH:  0    Dex: 20      Spells: 31/51 levels left

rFire   . . .      SeeInvis .    d - +2 dagger (freeze)
rCold   . . .      Faith    .    (no shield)
rNeg    . . .      Spirit   .    b - +0 robe {Will+}
rPois   .          Reflect  .    g - +4 helmet "Ytennu" {+Inv Dex+5}
rElec   .          Harm     .    l - +1 cloak
rCorr   .          Rampage  .    (no gloves)
Will    ++...      NoTele   +    (no boots)
Stlth   ++........               (no amulet)
HPRegen 0.17/turn                (no ring)
MPRegen 0.25/turn                (no ring)

@: very slow
A: deterioration 1
a: Renounce Religion, Evoke Invisibility


You were in the Dungeon.
You worshipped Vehumet.
Vehumet was exalted by your worship.
You visited 1 branch You collected 2753 gold pieces.
You spent 331 gold pieces at shops.

Inventory:

Hand Weapons
 d - a +2 dagger of freezing (weapon)
Missiles
 e - 6 boomerangs
Armour
 a - a +0 robe
 b - a +0 robe of willpower (worn)
 g - the +4 helmet "Ytennu" (worn) {+Inv Dex+5}
   (You bought it in a shop in the Dungeon)

   Dex:       It affects your dexterity (+5).
   +Inv:      It lets you turn invisible.
 l - a +1 cloak (worn)
Scrolls
 h - a scroll of enchant weapon
 k - a scroll of torment
Potions
 c - 2 potions of curing
 j - a potion of might
 m - 2 potions of flight {unknown}
 o - a potion of cancellation {unknown}
Miscellaneous
 p - a phantom mirror


   Skills:
 + Level 2.2 Fighting
 + Level 3.0 Short Blades
 + Level 6.3 Dodging
 + Level 5.2 Stealth
 + Level 21.3 Spellcasting
 + Level 6.9 Conjurations
 + Level 1.9 Hexes
 + Level 18.8 Fire Magic
 + Level 1.1 Evocations


You had 31 spell levels left.
You knew the following spells:

 Your Spells              Type           Power      Damage    Failure   Level
a - Foxfire               Conj/Fire      100%       2x1d9     0%          1
b - Scorch                Fire           100%       2d10      0%          2
c - Conjure Flame         Conj/Fire      72%        6-21      1%          3
d - Inner Flame           Hex/Fire       66%        N/A       1%          3
e - Flame Wave            Conj/Fire      72%        2d16      1%          4
f - Spellforged Servitor  Conj/Summ      21%        N/A       61%         7

Your spell library contained the following spells:

 Spells                   Type           Power      Damage    Failure   Level
 Conjure Ball Lightning   Conj/Air       21%        3x3d6     16%         6
 Sandblast                Erth           50%        2d12      1%          1
 Poisonous Vapours        Pois/Air       50%        N/A       1%          2
 Stone Arrow              Conj/Erth      84%        3d12      1%          3
 Passwall                 Tmut/Erth      20%        N/A       2%          2
 Corpse Rot               Necr/Pois/Air  25%        N/A       16%         4


Dungeon Overview and Level Annotations

Branches:
Dungeon (1/1)

Altars:
Cheibriados
Dithmenos
Elyvilon
Fedhas
Gozag
Hepliaklqana
Kikubaaqudgha
Makhleb
Nemelex Xobeh
Okawaru
Qazlal
Ru
Sif Muna
Trog
Uskayaw
Vehumet
Wu Jian
Xom
Yredelemnul
Zin
The Shining One
Jiyva
Lugonu

Shops:
D [


Innate Abilities, Weirdness & Mutations

Your body sometimes deteriorates upon taking damage.


Message History

Press: ? - help, Dir - look around, f - activate A wave of flame ripples out!
The flame wave engulfs the cane toad!
The cane toad is moderately wounded.
The tree burns like a torch! (Press . to intensify the flame waves.)
The komodo dragon is no longer more vulnerable to fire.
The cane toad stings you!!
A wave of flame ripples out!
The flame wave engulfs the cane toad!
The cane toad is severely wounded.
The flame wave engulfs the komodo dragon!
You kill the komodo dragon!
Vehumet accepts your kill.
Vehumet offers you knowledge of Conjure Ball Lightning.
You feel your power returning.
The tree burns like a torch!
The cane toad stings you but does no damage.
The cane toad is engulfed in a cloud of scalding steam.
Your Spellcasting skill increases to level 21!
A wave of flame ripples out!
The flame wave engulfs the cane toad!!
You kill the cane toad!
Vehumet accepts your kill.
You feel your power returning.
The flame wave engulfs the cane toad!!!
The cane toad is burned terribly!
You kill the cane toad!
Vehumet accepts your kill.
You feel your power returning.
The tree burns like a torch!
You hear a roar!
You hear an angry hiss.
A wave of flame ripples out!
The tree burns like a torch!
You smell burning wood.
You finish channelling waves of flame.
A rime drake and a redback come into view.
You hear a roar!
You hear a shout!
A redback comes into view. x2; A swamp drake comes into view.
Unknown command.
You are engulfed in blazing flames.
* * * LOW HITPOINT WARNING * * *
Your body deteriorates!
You feel dopey.
The redback is engulfed in blazing flames.
The rime drake is engulfed in a forest fire.
The rime drake breathes ice at you. The flash freeze hits you!
You die...

~~~♣.♣♣.'.⌠........#)∩#)####.#
≈≈~~~♣..#...######'#).### #.#
≈~~~....#.⌠.#__#...#)############
~~~.....#...#__#...#..~~~§.#)))..
~.......#)###__#...#.#§§§#.#.#...
........#...#__#...'.#§§§#.#.#...
........#___#__'...#.#§§§#...#...
▓▓▓▓▓▓▓▓▓▓▓▓▓▓▓▓▓▓▓▓▓▓▓▓▓▓▓▓▓▓▓▓▓
...k§§§@§§........~~~...
≈≈k+§§§§§§≈≈≈≈≈≈≈≈≈≈♣♣..
#.§§§§§§♣♣♣♣♣♣♣♣♣♣♣PP #.§§§§§§§♣
♣♣♣ ###+§§s§§♣ s##§§## # ##s ##


You could see a rime drake (catching breath), a swamp drake and 3 redbacks.

Vanquished Creatures
  Snorg (D)
  A centaur warrior (D)
  An orc high priest (D)
  A deep elf pyromancer (D)
  2 cane toads (D)
  An unseen horror (D)
  A komodo dragon (D)
  A queen bee (D)
  3 wandering mushrooms (D)
  A shadow (D)
  A spatial vortex (D)
  2 centaurs (D)
  An earth elemental (D)
  A necrophage (D)
  A water elemental (D)
  32 killer bees (D)
  3 orc priests (D)
  A jelly (D)
  Crazy Yiuf (D)
  Jessica (D)
  A wizard (D)
  A necromancer (D)
  4 orc wizards (D)
  3 humans (D)
  A kobold demonologist (D)
  10 orcs (D)
  2 endoplasms (D)
79 creatures vanquished.

Vanquished Creatures (others)
  20 foxfires (D)
  A plant (D)
21 creatures vanquished.

Grand Total: 100 creatures vanquished

Notes
Turn   | Place    | Note
-------+----------+-------------------------------------------
     0 | D        | mhtbhm the Deep Elf Fire Elementalist began the quest for
                  | the Orb.
     0 | D        | Reached XP level 1. HP: 10/10 MP: 6/6
    42 | D        | Noticed Jessica
    47 | D        | Killed Jessica
    48 | D        | Reached skill level 4 in Spellcasting
    48 | D        | Reached skill level 5 in Fire Magic
    48 | D        | Reached XP level 2. HP: 9/15 MP: 2/9
    48 | D        | Reached XP level 3. HP: 12/19 MP: 2/11
   162 | D        | Learned a level 2 spell: Scorch
   166 | D        | Learned a level 3 spell: Conjure Flame
   170 | D        | Learned a level 3 spell: Inner Flame
   184 | D        | Reached skill level 5 in Spellcasting
   291 | D        | Noticed Crazy Yiuf
   297 | D        | Killed Crazy Yiuf
   298 | D        | Reached XP level 4. HP: 24/24 MP: 7/13
   355 | D        | Gained mutation: You occasionally lose the ability to drink
                  | potions when taking damage. [potion of mutation]
   355 | D        | Gained mutation: You occasionally shout uncontrollably at
                  | your foes. [potion of mutation]
   355 | D        | Gained mutation: Your spells are a little easier to cast,
                  | but a little less powerful. [potion of mutation]
   355 | D        | Gained mutation: You have hidden genetic potential. [potion
                  | of mutation]
   356 | D        | Lost mutation: You have hidden genetic potential. [potion
                  | of mutation]
   356 | D        | Lost mutation: You occasionally shout uncontrollably at
                  | your foes. [potion of mutation]
   356 | D        | Lost mutation: Your spells are a little easier to cast, but
                  | a little less powerful. [potion of mutation]
   356 | D        | Gained mutation: You have a pair of small horns on your
                  | head. [potion of mutation]
   356 | D        | Gained mutation: Your mind is acute. (Int +4, Str/Dex -1)
                  | [potion of mutation]
   360 | D        | Lost mutation: You have a pair of small horns on your head.
                  | [potion of mutation]
   360 | D        | Lost mutation: You occasionally lose the ability to drink
                  | potions when taking damage. [potion of mutation]
   360 | D        | Lost mutation: Your mind is acute. (Int +4, Str/Dex -1)
                  | [potion of mutation]
   360 | D        | Gained mutation: Your body sometimes deteriorates upon
                  | taking damage. [potion of mutation]
   378 | D        | Noticed a water elemental
   382 | D        | Killed a water elemental
   383 | D        | Reached skill level 7 in Spellcasting
   501 | D        | Learned a level 4 spell: Flame Wave
   505 | D        | Found a radiant altar of Vehumet.
   505 | D        | Found a shimmering blue altar of Sif Muna.
   505 | D        | Found an ancient bone altar of Kikubaaqudgha.
   505 | D        | Noticed a wizard
   506 | D        | Killed a wizard
   507 | D        | Reached XP level 5. HP: 28/28 MP: 14/17
   509 | D        | Reached skill level 8 in Spellcasting
   518 | D        | Became a worshipper of Vehumet
   560 | D        | Found a basalt altar of Yredelemnul.
   560 | D        | Found a shadowy altar of Dithmenos.
   560 | D        | Found a sacrificial altar of Ru.
   563 | D        | Reached skill level 9 in Spellcasting
   563 | D        | Reached skill level 10 in Fire Magic
   699 | D        | Found a glowing silver altar of Zin.
   699 | D        | Found a glowing golden altar of the Shining One.
   699 | D        | Found a white marble altar of Elyvilon.
   699 | D        | Noticed a deep elf pyromancer
   702 | D        | Killed a deep elf pyromancer
   702 | D        | Reached * piety under Vehumet
   702 | D        | Offered knowledge of Shock by Vehumet.
   703 | D        | Reached skill level 12 in Spellcasting
   703 | D        | Reached XP level 6. HP: 32/32 MP: 14/23
   703 | D        | Reached XP level 7. HP: 36/36 MP: 15/25
   756 | D        | Found a hide-covered altar of Uskayaw.
   756 | D        | Found an iron altar of Okawaru.
   756 | D        | Found a bloodstained altar of Trog.
   756 | D        | Found an ornate altar of the Wu Jian Council.
   756 | D        | Noticed a human
   756 | D        | Noticed a human
   760 | D        | Killed a human
   761 | D        | Reached skill level 13 in Spellcasting
   761 | D        | Killed a human
   762 | D        | Reached skill level 5 in Dodging
   762 | D        | Reached skill level 14 in Spellcasting
   815 | D        | Noticed a shadow
   819 | D        | Killed a shadow
   819 | D        | Reached ** piety under Vehumet
   820 | D        | Reached XP level 8. HP: 29/41 MP: 18/28
   915 | D        | Found a blossoming altar of Fedhas.
   915 | D        | Found a stormy altar of Qazlal.
   915 | D        | Found a snail-covered altar of Cheibriados.
   915 | D        | Found a burning altar of Makhleb.
   915 | D        | Found a shimmering altar of Xom.
   916 | D        | Found a hazy altar of Hepliaklqana.
   916 | D        | Found an opulent altar of Gozag.
   916 | D        | Found a sparkling altar of Nemelex Xobeh.
   916 | D        | Found a corrupted altar of Lugonu.
   916 | D        | Found a viscous altar of Jiyva.
   933 | D        | Offered knowledge of Freeze by Vehumet.
  1012 | D        | Noticed Snorg
  1042 | D        | Killed Snorg
  1043 | D        | Reached skill level 16 in Spellcasting
  1043 | D        | Reached skill level 15 in Fire Magic
  1208 | D        | Found Wuirghas's Antique Armour Boutique.
  1208 | D        | Noticed an orc high priest
  1212 | D        | Reached *** piety under Vehumet
  1212 | D        | Offered knowledge of Mephitic Cloud by Vehumet.
  1214 | D        | Killed an orc high priest
  1215 | D        | Reached skill level 17 in Spellcasting
  1215 | D        | Reached skill level 5 in Conjurations
  1215 | D        | Reached XP level 9. HP: 14/46 MP: 27/32
  1217 | D        | Reached **** piety under Vehumet
  1217 | D        | Reached ***** piety under Vehumet
  1218 | D        | Reached skill level 18 in Spellcasting
  1323 | D        | Bought a smouldering helmet for 152 gold pieces
  1323 | D        | Identified the +4 helmet "Ytennu" {+Inv Dex+5} (You bought
                  | it in a shop in the Dungeon)
  1328 | D        | Bought a runed cloak for 120 gold pieces
  1340 | D        | Bought a glowing robe for 59 gold pieces
  1377 | D        | Offered knowledge of Fulminant Prism by Vehumet.
  1479 | D        | Noticed a centaur warrior
  1485 | D        | Reached ****** piety under Vehumet
  1486 | D        | Reached skill level 1 in Fighting
  1487 | D        | Killed a centaur warrior
  1488 | D        | Reached skill level 1 in Short Blades
  1489 | D        | Reached skill level 19 in Spellcasting
  1966 | D        | Killed an unseen horror
  1966 | D        | Offered knowledge of Iskenderun's Mystic Blast by Vehumet.
  2003 | D        | Noticed a wandering mushroom
  2008 | D        | Noticed a wandering mushroom
  2011 | D        | Killed a wandering mushroom
  2012 | D        | Reached XP level 10. HP: 52/52 MP: 32/35
  2028 | D        | Reached skill level 1 in Evocations
  2117 | D        | Offered knowledge of Spellforged Servitor by Vehumet.
  2120 | D        | Reached skill level 20 in Spellcasting
  2120 | D        | Reached skill level 1 in Hexes
  2128 | D        | Reached skill level 5 in Stealth
  2286 | D        | Learned a level 7 spell: Spellforged Servitor
  2300 | D        | Noticed a cane toad
  2300 | D        | Noticed a cane toad
  2305 | D        | Offered knowledge of Conjure Ball Lightning by Vehumet.
  2306 | D        | Reached skill level 21 in Spellcasting
  2306 | D        | Killed a cane toad
  2306 | D        | Killed a cane toad
  2308 | D        | Killed from afar by a rime drake

Illustrated notes

Levels and vault maps discovered:
D:        dungeon_sprint_mu [sprint_mu_entry_forest, sprint_mu_temple_rooms,
          sprint_mu_d1_horrors, sprint_mu_d2_genie, sprint_mu_d3_branching,
          sprint_mu_orc_legion, sprint_mu_elf_gauntlet, sprint_mu_hive_nellie,
          sprint_mu_lair_fedhas, sprint_mu_vaults_butterflies,
          sprint_mu_slime_circle, sprint_mu_swamp_cave, sprint_mu_shoals_archi,
          sprint_mu_blade_basic, sprint_mu_crypt_fortress,
          sprint_mu_tomb_spiral, sprint_mu_vestibule_basic,
          sprint_mu_gehenna_hellfire, sprint_mu_dis_giant,
          sprint_mu_tartarus_statrot, sprint_mu_cocytus_islands, sprint_mu_zot1]

Skill      XL: |  1  2  3  4  5  6  7  8  9 10 |
---------------+-------------------------------+-----
Dodging        | 3 4 5 6 |  6.3
Stealth        | 3 4 5 |  5.2
Spellcasting   | 4 5 7 12 14 17 19 21 | 21.3
Fire Magic     | 5 7 8 12 14 16 17 18 | 18.8
Conjurations   | 2 3 5 6 |  6.9
Fighting       | 1 2 |  2.2
Short Blades   | 1 3 |  3.0
Evocations     | 1 |  1.1
Hexes          | 1 |  1.9

Action                   |  1- 3 |  4- 6 |  7- 9 | 10-12 || total
-------------------------+-------+-------+-------+-------++-------
Melee: Dagger            |       |       |    12 |       ||    12
 Cast: Foxfire           |     7 |       |     9 |       ||    16
       Scorch            |     5 |    13 |    21 |    13 ||    52
       Flame Wave        |       |       |     7 |     7 ||    14
       Inner Flame       |       |       |     1 |     1 ||     2
Evoke: Phantom mirror    |       |       |     1 |       ||     1
  Use: Potion            |       |     3 |     3 |       ||     6
       Scroll            |       |       |     4 |       ||     4
Armor: Robe              |       |       |     5 |     4 ||     9
Dodge: Dodged            |     2 |     2 |    21 |    10 ||    35

Table legend: (Time is in decaauts)
 A = Elapsed time spent in this place.
 B = Non-inter-level travel time spent in this place.
 C = Inter-level travel time spent in this place.
 D = Time resting spent in this place.
 E = Time spent auto-exploring this place.
 F = Levels seen in this place.
 G = Mean time per level.
                   A        B        C        D        E       F      G
               +--------+--------+--------+--------+--------+-----+--------+
         Total |   2318 |   2318 |      0 |   1648 |     47 |   1 | 2318.0 |
       Dungeon |   2318 |   2318 |      0 |   1648 |     47 |   1 | 2318.0 |
               +--------+--------+--------+--------+--------+-----+--------+

Top non-repeatable levels by time:
       D: 2318 daAuts
